 Dungeon Crawl Stone Soup version 0.16.1-51-g6203257 (webtiles) character file.

1358 hannobal the Basher (level 8, -6/54 HPs)
             Began as a Human Wanderer on July 1, 2015.
             Was a Follower of Ru.
             Mangled by a wyvern zombie (8 damage)
             ... on level 6 of the Dungeon on July 2, 2015.
             The game lasted 00:32:12 (9646 turns).

hannobal the Basher (Human Wanderer)                Turns: 9646, Time: 00:32:12

Health: -6/54      AC:  5    Str: 13    XL:     8   Next: 96%
Magic:  0/9        EV:  7    Int: 16    God:    Ru [*.....]
Gold:   319        SH:  0    Dex: 11    Spells: 0 memorised, 7 levels left

rFire  . . .     SeeInvis .     a - +3 mace (venom)
rCold  . . .     Clarity  .     m - +0 chain mail
rNeg   . . .     SustAb   .     (no shield)
rPois  .         Gourm    .     (no helmet)
rElec  .         Spirit   +     (no cloak)
rCorr  .         Warding  .     (no gloves)
rMut   .         Stasis   .     (no boots)
MR     .....                    g - amulet of guardian spirit
Stlth  ..........               B - +2 ring of evasion
                                r - ring of flight

@: not resistant to hostile enchantments, extremely unstealthy
A: breathe flames 1, vulnerability to harm 1
a: Renounce Religion, Breathe Fire, Evoke Flight


You were on level 6 of the Dungeon.
You worshipped Ru.
Ru was aware of your devotion.
You were not hungry.

You visited 2 branches of the dungeon, and saw 8 of its levels.

You collected 319 gold pieces.

Inventory:

Hand weapons
 a - a +3 mace of venom (weapon)
 b - a +0 hunting sling
 l - a +0 spear
 n - a +0 flail
 z - a +0 dagger of venom
 F - a +0 glaive
Missiles
 e - 108 stones
 h - 18 tomahawks
 o - 17 steel sling bullets
 w - 11 silver sling bullets
 x - 6 javelins (quivered)
 y - 14 arrows
 C - 12 arrows of flame
 G - a throwing net
 H - 7 curare-tipped needles
Armour
 d - a +1 robe
 m - a +0 chain mail (worn)
 s - a +0 shield
 u - a +0 ring mail
 v - a +0 leather armour
Jewellery
 g - an amulet of guardian spirit (around neck)
 r - a ring of flight (left hand)
 B - a +2 ring of evasion (right hand)
Magical devices
 E - a wand of heal wounds (1)
Scrolls
 c - 2 scrolls of immolation
 i - 3 scrolls of identify
 j - a scroll of magic mapping
 p - a scroll of enchant weapon
 t - a scroll of enchant armour
 A - a scroll of remove curse
Comestibles
 f - 6 bread rations
 k - 2 meat rations


   Skills:
 - Level 1.0 Fighting
 + Level 10.5 Maces & Flails
 - Level 2.0 Polearms
 + Level 0.4(0.8) Slings
 - Level 1.0 Throwing
 - Level 1.0 Dodging
 - Level 1.0 Stealth
 - Level 1.0 Shields
 + Level 1.3 Evocations


You had 7 spell levels left.
You didn't know any spells.

Dungeon Overview and Level Annotations

Branches:
Dungeon (7/15)             Temple (1/1) D:4

Altars:
Ashenzari
Cheibriados
Dithmenos
Elyvilon
Fedhas
Gozag
Kikubaaqudgha
Makhleb
Nemelex Xobeh
Okawaru
Qazlal
Ru
Vehumet
Xom
Yredelemnul
Zin
The Shining One

Shops:
D:5 (

Annotations:
D:4 Sigge!, Sigmund
D:5 exclusion: upstairs


Innate Abilities, Weirdness & Mutations

You take slightly more damage. (-3 AC)
You can breathe flames.


Message History

You are too injured to fight recklessly!
You are too injured to fight recklessly!
You are too injured to fight recklessly!
You are too injured to fight recklessly!
You are too injured to fight recklessly!
You hit the wyvern zombie but do no damage.
The wyvern zombie barely misses you.
You barely miss the wyvern zombie.
The wyvern zombie bites you but does no damage.
You hit the wyvern zombie. The wyvern zombie bites you!
You thump the wyvern zombie! The wyvern zombie bites you.
The wyvern zombie bites you.
You hit the wyvern zombie.
The wyvern zombie is stunned by your will and fails to attack.
You sock the wyvern zombie! The wyvern zombie bites you!
* * * LOW HITPOINT WARNING * * *
You barely miss the wyvern zombie. The wyvern zombie bites you!
* * * LOW HITPOINT WARNING * * *
You completely miss the wyvern zombie. The wyvern zombie bites you!
You die...

######## ###
#......# #.#
#..@...#
###.#
#...Z..#
#...#
#####......#
###.#.# ###
#.....#.####
#...#.# #.#
#.#####.#
#.###.# #.#
######.# #.#
#.# #.#
#.###......#
#.# #.# #.#
..#...######
#.# ##.# #.#
#.#.### #.#
#..# #.#


You could see a wyvern zombie.

Vanquished Creatures
  A hippogriff (D:4)
  An ice beast (D:6)
  An ogre (D:5)
  The ghost of Eldradd the Grave Robber, an average DENe (D:4)
  A centaur zombie (D:5)
  A giant frog zombie (D:6)
  6 hounds
  3 crimson imps
  A jelly (D:4)
  A centaur skeleton (D:4)
  3 orc priests
  2 iguanas (D:5)
  2 worker ants
  4 orc wizards
  10 adders
  3 worms
  A shadow imp (D:5)
  26 orcs
  A ball python (D:6)
  A bat zombie (D:5)
  6 giant cockroaches
  11 goblins
  12 hobgoblins
  10 jackals
  An ooze (D:5)
  4 quokkas
  18 bats
  A giant cockroach zombie (D:5)
  6 giant geckos
  8 giant newts
  10 kobolds
  14 rats
171 creatures vanquished.

Notes
Turn   | Place    | Note
--------------------------------------------------------------
     0 | D:1      | hannobal, the Human Wanderer, began the quest for the Orb.
     0 | D:1      | hannobal set off with: a +2 mace, a scroll of teleportation, a potion of lignification, a +0 robe, a bread ration
     0 | D:1      | Reached XP level 1. HP: 15/15 MP: 1/1
   254 | D:1      | Reached XP level 2. HP: 2/21 MP: 2/2
   835 | D:1      | Reached skill level 4 in Maces & Flails
   835 | D:1      | Reached XP level 3. HP: 26/26 MP: 0/3
  1575 | D:2      | Reached XP level 4. HP: 27/32 MP: 4/4
  2209 | D:2      | Reached skill level 5 in Maces & Flails
  3049 | D:2      | Reached skill level 1 in Throwing
  3496 | D:3      | Reached XP level 5. HP: 37/37 MP: 5/5
  4587 | D:4      | Reached skill level 6 in Maces & Flails
  4587 | D:4      | Reached XP level 6. HP: 4/43 MP: 4/7
  4736 | D:4      | Noticed Eldradd's ghost (average DENe)
  5399 | D:4      | Killed Eldradd's ghost
  5399 | D:4      | Reached skill level 7 in Maces & Flails
  5399 | D:4      | Reached XP level 7. HP: 33/48 MP: 5/8
  5607 | D:4      | Found a staircase to the Ecumenical Temple.
  5710 | D:4      | Noticed Sigmund
  5810 | D:5      | Entered Level 5 of the Dungeon
  5832 | D:5      | Found Detih's Weapon Emporium.
  5949 | D:5      | Noticed a hippogriff
  5985 | D:4      | Killed a hippogriff
  5985 | D:4      | Reached skill level 8 in Maces & Flails
  6327 | Temple   | Entered the Ecumenical Temple
  6547 | Temple   | Became a worshipper of Ru the Awakened
  6603 | D:5      | Found a shimmering altar of Xom.
  6607 | D:5      | Noticed an angel
  6609 | D:5      | Found a glowing silver altar of Zin.
  6662 | D:5      | Reached XP level 8. HP: 42/54 MP: 6/9
  6807 | D:5      | Found an ancient bone altar of Kikubaaqudgha.
  6884 | D:5      | Found a sparkling altar of Nemelex Xobeh.
  6901 | D:5      | Reached skill level 9 in Maces & Flails
  7182 | D:5      | Gained mutation: You can breathe flames. [potion of beneficial mutation]
  7574 | D:5      | Gained mutation: You take slightly more damage. (-3 AC) [Ru sacrifice]
  7574 | D:5      | Acquired Ru's first power
  7762 | D:6      | Upgraded the game from 0.16.1-30-g34a7ffa to 0.16.1-51-g6203257
  8198 | D:4      | HP: 2/54 [poisoned by an orc warrior]
  8205 | D:4      | HP: 2/54 [poisoned by an orc warrior]
  8213 | D:4      | HP: 1/54 [poisoned by an orc warrior]
  8781 | D:6      | Reached skill level 10 in Maces & Flails
  9065 | D:6      | Found an opulent altar of Gozag.
  9645 | D:6      | HP: 2/54 [wyvern zombie (7)]
  9646 | D:6      | Mangled by a wyvern zombie

Action                   |  1- 3 |  4- 6 |  7- 9 || total
-------------------------+-------+-------+-------++-------
Melee: Mace              |    98 |   298 |   344 ||   740
       Spear             |       |    17 |       ||    17
 Fire: Hunting sling     |       |       |     3 ||     3
Throw: Stone             |     1 |    11 |       ||    12
       Javelin           |       |     6 |    13 ||    19
Invok: Sacrifice Health  |       |       |     1 ||     1
Evoke: Wand              |       |       |     3 ||     3
  Use: Potion            |     2 |     2 |     2 ||     6
       Scroll            |     4 |     8 |     7 ||    19
 Stab: Sleeping          |     1 |       |       ||     1
  Eat: Chunk             |     2 |     8 |     9 ||    19
       Bread ration      |       |     1 |       ||     1
       Pizza             |       |       |     1 ||     1
       Fruit             |       |       |     5 ||     5
       Royal jelly       |       |       |     1 ||     1
